 Dungeon Crawl Stone Soup version 0.26.0-16-gc1dbca0489 (webtiles) character file.

Game seed: 16399645387404416223

318 runemasterragnar the Skirmisher (level 6, -1/68 HPs)
             Began as an Ogre Monk on Jan 20, 2021.
             Was an Initiate of Gozag.
             Slain by a scorpion (4 damage)
             ... on level 5 of the Dungeon.
             The game lasted 00:06:28 (4768 turns).

runemasterragnar the Skirmisher (Ogre Monk)         Turns: 4768, Time: 00:06:29

Health: -1/68      AC:  3    Str: 18    XL:     6   Next: 45%
Magic:  6/6        EV: 11    Int: 11    God:    Gozag
Gold:   347        SH:  0    Dex: 11    Spells: 5/5 levels left

rFire    + . .     SeeInvis .   a - +0 hand axe
rCold    . . .     Faith    .   (no shield)
rNeg     . . .     Spirit   .   b - +0 robe
rPois    .         Reflect  .   (helmet restricted)
rElec    .         Harm     .   (no cloak)
rCorr    .         Rampage  .   (gloves unavailable)
Will     .....                  (boots unavailable)
Stlth    ++........             (no amulet)
HPRegen  0.21/turn              e - ring of protection from fire
MPRegen  0.10/turn              (no ring)

@: lethally poisoned (-1 -> -19)
A: large, unfitting armour, tough skin 1
a: Renounce Religion, Potion Petition, Call Merchant, Bribe Branch


You were on level 5 of the Dungeon.
You worshipped Gozag.
Gozag was aware of your devotion.
You visited 1 branch of the dungeon, and saw 5 of its levels.

You collected 347 gold pieces.

Inventory:

Hand Weapons
 a - a +0 hand axe (weapon)
 h - a +1 hunting sling
Missiles
 k - 8 boomerangs (quivered)
Armour
 b - a +0 robe (worn)
Jewellery
 e - a ring of protection from fire (left hand)
Wands
 c - a wand of disintegration (15)
Scrolls
 f - 2 scrolls of immolation
 g - a scroll of fog
 j - a scroll of remove curse
 l - 2 scrolls of identify
Potions
 d - a potion of invisibility
 i - a potion of heal wounds
 m - 2 potions of curing
 n - 2 potions of berserk rage
 o - a potion of haste


   Skills:
 * Level 6.6 Fighting
 * Level 4.9 Axes
 + Level 3.7 Dodging
 - Level 1.4 Stealth


You had 5 spell levels left.
You didn't know any spells.
Your spell library was empty.

Dungeon Overview and Level Annotations

Branches:
Dungeon (5/15)             Temple (0/1) D:4

Altars:
Gozag
Nemelex Xobeh
Trog
Vehumet

Annotations:
D:2 1 runed translucent door, Crazy Yiuf, Terence
D:3 Sigmund


Innate Abilities, Weirdness & Mutations

You are too large for most types of armour.
You have tough skin. (AC +1)


Message History

* * * LOW HITPOINT WARNING * * *
You feel sick. The scorpion stings you!
* * * LOW HITPOINT WARNING * * *
You feel better. The scorpion stings you.
* * * LOW HITPOINT WARNING * * *
You are poisoned.
The scorpion poisons you!
Okay, then.
Throw: 8 boomerangs
Press: ? - help, Q - select action, (/) - cycle Shift-Dir - straight line, f - scorpion
Aim: a scorpion (almost dead)
You throw a boomerang.
The boomerang hits the scorpion but does no damage.
The scorpion is almost dead.
You feel sick. The scorpion stings you.
* * * LOW HITPOINT WARNING * * *
You are more poisoned.
The scorpion poisons you! The scorpion stings you.
You die...
Your body crumbles into a pile of gold.

###########
#.........#
#.#######.#
#@#.....#.#
####s#......(######
#...Z#............#
#....#.......####.#
#....#.......# #.#
.$............# #.#
#.#####.#.#.#+#.#
#≈# # #.#.#. #.#
#≈#
#.#.#####.####≈#


You could see a scorpion and an adder skeleton.

Vanquished Creatures
  A centaur (D:5)
  An orc wizard (D:3)
  Jessica (D:3)
  Robin (D:3)
  4 gnolls
  4 adders
  A worm (D:5)
  3 dart slugs
  A leopard gecko (D:1)
  4 orcs
  6 bats
  6 giant cockroaches
  8 hobgoblins
  8 jackals (D:3)
  6 frilled lizards
  19 goblins
  4 kobolds
  9 rats
87 creatures vanquished.

Notes
Turn   | Place    | Note
-------+----------+-------------------------------------------
     0 | D:1      | runemasterragnar the Ogre Monk began the quest for the Orb.
     0 | D:1      | Reached XP level 1. HP: 24/24 MP: 1/1
   200 | D:1      | Reached XP level 2. HP: 32/32 MP: 2/2
   604 | D:1      | Reached XP level 3. HP: 32/40 MP: 3/3
  1066 | D:2      | Noticed Terence
  1236 | D:2      | Found a runed translucent door.
  1237 | D:2      | Noticed Crazy Yiuf
  1529 | D:2      | Reached skill level 5 in Fighting
  1570 | D:2      | Found a radiant altar of Vehumet.
  1588 | D:2      | Found a bloodstained altar of Trog.
  1683 | D:2      | Found a sparkling altar of Nemelex Xobeh.
  1873 | D:2      | Reached XP level 4. HP: 49/50 MP: 4/4
  2306 | D:3      | Noticed Robin
  2321 | D:3      | Killed Robin
  2323 | D:3      | Noticed Jessica
  2349 | D:3      | Killed Jessica
  2350 | D:3      | Reached XP level 5. HP: 14/57 MP: 5/5
  3121 | D:3      | Reached skill level 6 in Fighting
  3197 | D:3      | Found a faded altar of an unknown god.
  3481 | D:3      | Became a worshipper of Gozag Ym Sagoz the Greedy
  3691 | D:4      | Found a staircase to the Ecumenical Temple.
  3741 | D:4      | Reached XP level 6. HP: 24/67 MP: 6/6
  4046 | D:3      | Noticed Sigmund
  4116 | D:5      | Entered Level 5 of the Dungeon
  4766 | D:5      | HP: 3/68 [scorpion (7)]
  4768 | D:5      | Slain by a scorpion

Illustrated notes

Levels and vault maps discovered:
D:1:      minmay_arrival_solitary_statue, layout_basic, minivault_4
D:2:      layout_basic, amethyst_overflow_temple_binary, nemelex_altar_shiori,
          uniq_crazy_yiuf_cottage, uniq_terence
D:3:      cheibrodos_greedy_goblins, layout_basic,
          chequers_ecumenical_altar_simple, uniq_robin, uniq_jessica,
          uniq_sigmund
D:4:      layout_cave_pools, general_overflow_altar, overflow_temple_1_default,
          minmay_temple_entry_waves, gammafunk_ghost_nasty_kobolds,
          kennysheep_generic_room_10
D:5:      layout_basic, corexii_corridor_pit

Skill      XL: |  1  2  3  4  5 |
---------------+----------------+-----
Dodging        | 3 |  3.7
Fighting       | 5 6 |  6.6
Axes           | 4 |  4.9
Stealth        | |  1.4

Action                   |  1- 3 |  4- 6 || total
-------------------------+-------+-------++-------
Melee: Hand axe          |   151 |   188 ||   339
       Unarmed           |       |    23 ||    23
Throw: Boomerang         |       |     1 ||     1
  Use: Scroll            |     5 |     6 ||    11
       Potion            |       |     3 ||     3
 Stab: Sleeping          |     2 |     1 ||     3
Armor: Robe              |    52 |    39 ||    91
       Skin              |       |    16 ||    16
Dodge: Dodged            |    90 |   105 ||   195
